 Dungeon Crawl Stone Soup version 0.28-a0-750-g7c675f85b1 (webtiles) character file.

Game seed: 3948076151345910988

15634 pokeman the Eclecticist (level 12, -9/70 HPs)
             Began as a Deep Elf Hedge Wizard on Oct 29, 2021.
             Was an Elder of Vehumet.
             Succumbed to Nessos's poison
             ... on level 12 of the Dungeon.
             The game lasted 00:40:14 (13860 turns).

pokeman the Eclecticist (Deep Elf Hedge Wizard)    Turns: 13860, Time: 00:40:14

Health: -9/70      AC:  9    Str:  7    XL:     12   Next: 3%
Magic:  34/34      EV: 11    Int: 25    God:    Vehumet [****..]
Gold:   432        SH:  0    Dex: 14    Spells: 22/44 levels left

rFire   . . .      SeeInvis .   r - +5 short sword
rCold   . . .      Faith    .   (no shield)
rNeg    . . .      Spirit   .   D - +0 acid dragon scales
rPois   +          Reflect  .   c - +0 hat
rElec   .          Harm     .   a - +1 cloak {rPois}
rCorr   +          Rampage  .   (no gloves)
Will    +....                   (no boots)
Stlth   ++........              (no amulet)
HPRegen 0.21/turn               (no ring)
MPRegen 0.24/turn               (no ring)

@: lethally poisoned (-9 -> -63)
A: no striking features
a: Renounce Religion


You were on level 12 of the Dungeon.
You worshipped Vehumet.
Vehumet was greatly pleased with you.
You visited 2 branches of the dungeon, and saw 13 of its levels.

You collected 540 gold pieces.
You spent 108 gold pieces at shops.

Inventory:

Hand Weapons
 r - a +5 short sword (weapon)
 C - a +0 arbalest
Missiles
 k - 151 arrows
 y - a throwing net
 K - 44 bolts
Armour
 a - a +1 cloak of poison resistance (worn)
 c - a +0 hat (worn)
 o - a +3 leather armour of poison resistance
 D - +0 acid dragon scales (worn)
Magical Staves
 J - a staff of poison
Jewellery
 A - a ring of protection from cold
 I - a ring of ice
Wands
 m - a wand of paralysis (6)
 v - a wand of flame (52)
 x - a wand of digging (9)
 B - a wand of iceblast (10)
 E - a wand of mindburst (23)
Scrolls
 d - 5 scrolls of silence
 e - 2 scrolls of enchant armour
 g - 2 scrolls of enchant weapon
 i - a scroll of torment
 j - a scroll of teleportation
 l - 3 scrolls of identify
 p - 3 scrolls of amnesia
 q - 2 scrolls of vulnerability
 t - a scroll of magic mapping
 u - 2 scrolls of fear {unknown}
 H - a scroll of blinking {unknown}
 N - 3 scrolls of summoning {unknown}
 O - a scroll of fog {unknown}
Potions
 b - 5 potions of curing
 f - 5 potions of heal wounds
 h - a potion of haste {unknown}
 n - 2 potions of mutation {unknown}
 s - 3 potions of berserk rage {unknown}
 w - 2 potions of resistance {unknown}
 z - 2 potions of degeneration
 F - a potion of lignification {unknown}
 G - 2 potions of ambrosia {unknown}
 L - a potion of cancellation {unknown}
 M - a potion of flight {unknown}


   Skills:
 - Level 6.0 Fighting
 + Level 4.0 Armour
 - Level 3.0 Dodging
 - Level 3.0 Stealth
 * Level 16.5 Spellcasting
 + Level 9.8 Conjurations
 - Level 1.1 Summonings
 - Level 1.1 Translocations
 + Level 8.8 Fire Magic
 - Level 1.0 Air Magic
 - Level 1.2 Poison Magic
 - Level 1.3 Evocations


You had 22 spell levels left.
You knew the following spells:

 Your Spells              Type           Power      Damage    Failure   Level
a - Magic Dart            Conj           100%       1d8       1%          1
b - Mephitic Cloud        Conj/Pois/Air  40%        N/A       1%          3
c - Call Imp              Summ           26%        N/A       4%          2
d - Blink                 Tloc           52%        N/A       4%          2
e - Conjure Flame         Conj/Fire      61%        6-21      1%          3
f - Foxfire               Conj/Fire      100%       2x1d9     1%          1
g - Lightning Bolt        Conj/Air       23%        1d39      4%          5
h - Flame Wave            Conj/Fire      61%        3d11      1%          4
i - Apportation           Tloc           52%        N/A       3%          1

Your spell library contained the following spells:

 Spells                   Type           Power      Damage    Failure   Level
 Fulminant Prism          Conj/Hex       22%        3d13      1%          4
 Scorch                   Fire           100%       2d10      1%          2
 Static Discharge         Conj/Air       47%        N/A       1%          2
 Summon Small Mammal      Summ           100%       N/A       3%          1
 Animate Skeleton         Necr           40%        N/A       4%          1
 Pain                     Necr           80%        1d8       4%          1
 Slow                     Hex            80%        N/A       4%          1
 Ensorcelled Hibernation  Hex/Ice        40%        N/A       7%          2
 Gell's Gravitas          Tloc           13%        N/A       9%          3
 Lesser Beckoning         Tloc           26%        N/A       9%          3
 Teleport Other           Tloc           26%        N/A       9%          3
 Spider Form              Tmut/Pois      11%        N/A       11%         3
 Tukima's Dance           Hex            20%        N/A       14%         3
 Passage of Golubria      Tloc           26%        N/A       28%         4
 Yara's Violent Unravell  Hex/Tmut       10%        3d6       30%         5
 Manifold Assault         Tloc           26%        N/A       63%         5
 Agony                    Necr           20%        N/A       77%         5
 Excruciating Wounds      Necr           10%        N/A       77%         5
 Summon Cactus Giant      Summ           13%        N/A       99%         6
 Maxwell's Capacitive Co  Air            12%        ∞         100%        8


Dungeon Overview and Level Annotations

Branches:
Dungeon (12/15)            Temple (1/1) D:4            Lair (0/6) D:11
    Orc (0/2) D:10

Altars:
Ashenzari
Dithmenos
Vehumet
Yredelemnul

Shops:
D:2 :   D:6 ***   D:11 (

Portals:
Gauntlet: D:12

Annotations:
D:12 Nessos, Snorg


Message History

Hark!
There is a gateway to a gauntlet on this level.
Find the entrance quickly before the gate is sealed!
You hear the loud beating of a distant drum.
Found three items.
There is a stone staircase leading up here.
Unknown command.
You pick up a book of Spatial Translocations and begin reading...
You add the spell Manifold Assault to your library.
l - 3 scrolls of identify (gained 1)
You open the door.
There is an open door here.
You open the door. 3 gnolls and Nessos come into view.
Nessos is wearing a +2 barding of flying.
A gnoll is wielding a +0 spear of freezing.
Nessos shouts!
Nessos moves out of view.
A gnoll, a gnoll sergeant and Snorg come into view.
The gnoll is wielding a +2 vorpal halberd.
Found a kite shield.
Snorg shouts!
The gnoll shouts! x2
Nessos wields a +2 longbow of flaming.
It bursts into flame!
Nessos shoots an arrow.
The arrow hits you! The arrow burns you.
Nessos gestures wildly while chanting.
Nessos seems to speed up.
There is an open door, spattered with blood here.
Found an escape hatch in the floor and a gate leading to a gauntlet.
Nessos stands on their hind legs for a moment.
Nessos casts a spell.
Nessos blinks!
Nessos shoots an arrow.
The arrow hits you! The arrow burns you.
You are poisoned.
Unknown command.
You feel very sick.
Nessos shoots an arrow.
The arrow hits you. The arrow burns you.
You are more poisoned.
Nessos shoots an arrow.
The arrow hits you!!
* * * LOW HITPOINT WARNING * * *
The arrow burns you.
You are more poisoned.
* * * LOW HITPOINT WARNING * * *
A red ugly thing comes into view.
You die...

*,.......[..# ####
*,....gTgg..# ##...
*,..........# ####..##
*,..........# #....##
*,.c.....g..######.####
*,.......g..'......#
*,..........########
***######.### **#..@.#
#......# #>.....#
#..∩...# **********
#......# *,,,,,,,,*
#......# *,,,,,,,,*
#......# *,,,,,,,,*
#.u....#*****,,,,,,,,+
*,,,,,,+,,,,*,,,,,,,,*


You could see a red ugly thing (asleep), a gnoll sergeant and 2 gnolls.

Vanquished Creatures
  A hydra (D:11)
  A two-headed ogre (D:9)
  3 death yaks (D:11)
  The ghost of Demosthentine the Spear-Bearer, a novice MfGl of the Shining One (D:5)
  A cyclops (D:11)
  A gargoyle (D:9)
  Maggie (D:6)
  2 unseen horrors
  A komodo dragon (D:11)
  2 hornets
  5 trolls
  Grinder (D:5)
  A slime creature (D:9)
  A snapping turtle (shapeshifter) (D:9)
  A meliai zombie (D:11)
  12 yaks
  A shadow (D:11)
  A wraith (D:9)
  A vampire (D:9)
  2 wyverns (D:9)
  2 steam dragons
  7 vampire mosquitoes (D:10)
  An acid dragon (D:9)
  Duvessa (D:7)
  2 orc warriors (D:10)
  A hornet zombie (D:6)
  A sky beast (D:6)
  5 centaurs
  6 kobold brigands
  Blork the orc (D:5)
  4 bullfrogs
  A gnoll sergeant (D:9)
  A scorpion (D:6)
  2 wyvern zombies
  A water moccasin skeleton (D:4)
  Dowan (D:7)
  9 killer bees
  12 wights
  A howler monkey (D:7)
  A bullfrog zombie (D:5)
  3 hounds
  6 centaur zombies
  3 gnoll shamans
  5 orc priests
  A jelly (D:5)
  Jessica (D:2)
  9 orc wizards
  2 hell rats (D:11)
  A killer bee zombie (D:7)
  4 howler monkey zombies
  11 gnolls
  A howler monkey skeleton (D:6)
  4 adders
  2 river rats (D:11)
  2 shadow imps
  A white imp (D:8)
  An ufetubus (D:5)
  3 worms
  3 dart slugs
  23 orcs
  6 ball pythons
  5 endoplasms
  3 giant cockroaches
  5 goblins
  5 hobgoblins
  6 jackals
  16 kobolds
  3 quokkas
  5 bats
  4 frilled lizards
  9 rats
253 creatures vanquished.

Vanquished Creatures (collateral kills)
  Ijyb (D:3)
  An adder (D:5)
  2 worms (D:2)
4 creatures vanquished.

Vanquished Creatures (others)
  483 foxfires
483 creatures vanquished.

Grand Total: 740 creatures vanquished

Notes
Turn   | Place    | Note
-------+----------+-------------------------------------------
     0 | D:1      | pokeman the Deep Elf Hedge Wizard began the quest for the
                  | Orb.
     0 | D:1      | Reached XP level 1. HP: 10/10 MP: 7/7
   276 | D:1      | Reached XP level 2. HP: 6/16 MP: 1/9
  1024 | D:1      | Reached skill level 5 in Spellcasting
  1135 | D:2      | Noticed Jessica
  1138 | D:2      | Killed Jessica
  1139 | D:2      | Reached skill level 1 in Fighting
  1139 | D:2      | Reached XP level 3. HP: 20/20 MP: 7/11
  1141 | D:2      | Reached skill level 1 in Armour
  1145 | D:2      | Learned a level 3 spell: Mephitic Cloud
  1148 | D:2      | Learned a level 2 spell: Call Imp
  1152 | D:2      | Learned a level 2 spell: Blink
  1158 | D:2      | Learned a level 3 spell: Conjure Flame
  1801 | D:2      | Reached XP level 4. HP: 16/25 MP: 5/13
  2295 | D:2      | Found Quir's Book Shoppe.
  2597 | D:2      | Reached skill level 6 in Spellcasting
  2826 | D:3      | Reached XP level 5. HP: 29/29 MP: 12/15
  3017 | D:3      | Noticed Ijyb
  3028 | D:3      | Paralysed by Ijyb for 2 turns
  3048 | D:3      | Paralysed by Ijyb for 6 turns
  3062 | D:3      | Killed Ijyb
  3223 | D:3      | Found a faded altar of an unknown god.
  4033 | D:4      | Reached XP level 6. HP: 32/35 MP: 13/17
  4154 | D:4      | Found a staircase to the Ecumenical Temple.
  4163 | Temple   | Entered the Ecumenical Temple
  4182 | Temple   | Became a worshipper of Vehumet
  4286 | D:4      | Reached skill level 7 in Spellcasting
  5088 | D:5      | Entered Level 5 of the Dungeon
  5561 | D:5      | Noticed a yak
  5576 | D:5      | Killed a yak
  5577 | D:5      | Reached skill level 1 in Poison Magic
  5577 | D:5      | Reached skill level 1 in Evocations
  5577 | D:5      | Reached XP level 7. HP: 28/40 MP: 3/20
  5585 | D:5      | Reached skill level 8 in Spellcasting
  5682 | D:5      | Noticed a yak
  5683 | D:5      | Noticed a yak
  5684 | D:5      | Noticed a yak
  5685 | D:5      | Noticed a yak
  5706 | D:5      | Killed a yak
  5707 | D:5      | Reached skill level 1 in Fire Magic
  5707 | D:5      | Reached skill level 1 in Air Magic
  5707 | D:5      | Killed a yak
  5711 | D:5      | Killed a yak
  5711 | D:5      | Reached * piety under Vehumet
  5711 | D:5      | Offered knowledge of Foxfire by Vehumet.
  5712 | D:5      | Reached skill level 9 in Spellcasting
  5712 | D:5      | Reached XP level 8. HP: 30/45 MP: 7/23
  5730 | D:5      | Learned a level 1 spell: Foxfire
  6020 | D:5      | Noticed Grinder
  6021 | D:5      | Paralysed by Grinder for 3 turns
  6032 | D:5      | Paralysed by Grinder for 6 turns
  6047 | D:5      | Killed Grinder
  6048 | D:5      | Reached skill level 5 in Conjurations
  6208 | D:5      | Noticed Blork the orc
  6214 | D:5      | Killed Blork the orc
  6215 | D:5      | Reached skill level 10 in Spellcasting
  6343 | D:5      | Found a runed translucent gate.
  6343 | D:5      | Found a runed translucent gate.
  6343 | D:5      | Found a runed translucent gate.
  6344 | D:5      | Noticed Demosthentine's ghost (novice MfGl)
  6758 | D:5      | Killed Demosthentine's ghost
  6759 | D:5      | Reached XP level 9. HP: 50/50 MP: 4/25
  7238 | D:6      | Reached skill level 11 in Spellcasting
  7403 | D:6      | Found Mukkay's Hallowed Reliquary.
  7406 | D:6      | Noticed an angel
  7412 | D:6      | Bought a potion of curing for 36 gold pieces
  7412 | D:6      | Bought a potion of heal wounds for 60 gold pieces
  7451 | D:6      | Learned a level 5 spell: Lightning Bolt
  7624 | D:6      | Found Wihaodue's General Store.
  7628 | D:6      | Found Keusk's Specific Store.
  7636 | D:6      | Bought a potion of degeneration for 12 gold pieces
  7758 | D:6      | Noticed Maggie
  7783 | D:6      | Killed Maggie
  8123 | D:7      | Learned a level 4 spell: Flame Wave
  8207 | D:7      | Reached skill level 5 in Fire Magic
  8373 | D:7      | Reached skill level 12 in Spellcasting
  8524 | D:7      | Reached ** piety under Vehumet
  8524 | D:7      | Offered knowledge of Shock by Vehumet.
  8600 | D:7      | Noticed Dowan
  8604 | D:7      | Noticed Duvessa
  8605 | D:7      | Killed Dowan
  8619 | D:7      | Killed Duvessa
  9070 | D:8      | Found a basalt altar of Yredelemnul.
  9166 | D:8      | Reached XP level 10. HP: 56/56 MP: 19/28
  9436 | D:8      | Learned a level 1 spell: Apportation
  9700 | D:8      | Identified the +0 robe "Ziapomp" {rN+ Regen+ Int-2}
  9979 | D:9      | Offered knowledge of Inner Flame by Vehumet.
  9980 | D:9      | Reached skill level 13 in Spellcasting
 10247 | D:9      | Noticed a gargoyle
 10360 | D:9      | Reached *** piety under Vehumet
 10362 | D:9      | Killed a gargoyle
 11092 | D:9      | Noticed a two-headed ogre
 11104 | D:9      | Reached skill level 14 in Spellcasting
 11107 | D:9      | Killed a two-headed ogre
 11493 | D:9      | Offered knowledge of Iskenderun's Mystic Blast by Vehumet.
 11494 | D:9      | Reached XP level 11. HP: 59/62 MP: 28/31
 11676 | D:10     | Entered Level 10 of the Dungeon
 12065 | D:10     | Reached skill level 5 in Fighting
 12066 | D:10     | Reached skill level 15 in Spellcasting
 12142 | D:10     | Found a staircase to the Orcish Mines.
 12187 | D:10     | Reached **** piety under Vehumet
 12636 | D:11     | Noticed an eight-headed hydra
 12653 | D:11     | Killed an eight-headed hydra
 12988 | D:11     | Offered knowledge of Fulminant Prism by Vehumet.
 13284 | D:11     | Reached skill level 16 in Spellcasting
 13343 | D:11     | Found Woadotz's Weapon Shoppe.
 13394 | D:11     | Found a staircase to the Lair.
 13395 | D:11     | Noticed a death yak
 13406 | D:11     | Killed a death yak
 13408 | D:11     | Noticed a death yak
 13411 | D:11     | Noticed a death yak
 13414 | D:11     | Killed a death yak
 13417 | D:11     | Killed a death yak
 13418 | D:11     | Reached XP level 12. HP: 48/70 MP: 8/34
 13855 | D:12     | Noticed Nessos
 13856 | D:12     | Noticed Snorg
 13857 | D:12     | Found a gate leading to a gauntlet.
 13859 | D:12     | HP: 1/70 [Nessos/arrow (5)]
 13860 | D:12     | Succumbed to Nessos's poison

Illustrated notes

Levels and vault maps discovered:
D:1:      lemuel_arrival_funnel, layout_rooms, serial_glass, glass_columns_a,
          glass_columns_a, glass_columns_a, glass_columns_a, glass_columns_a,
          glass_columns_b, glass_columns_a, glass_columns_c,
          minmay_misc_feat_five
D:2:      layout_loops_cross, serial_shops, shop, item_on_display_a,
          uniq_jessica
D:3:      layout_rooms, basic_ecumenical_altar, columned_hall_lemuel, uniq_ijyb
D:4:      layout_basic, minmay_temple_entry_statues_fountains
D:5:      layout_basic, gammafunk_ghost_necromancy, uniq_grinder,
          uniq_blork_the_orc
D:6:      layout_cave_pools, nicolae_specific_store, nicolae_good_shop,
          uniq_maggie
D:7:      layout_gridville, uniq_duvessa
D:8:      layout_rooms, mainiacjoe_overflow_paths
D:9:      minmay_octagon_keep, layout_basic, st_stairs_7,
          minmay_increasing_density
D:10:     layout_roguey, david_orc_2, minmay_unpleasant_kobolds
D:11:     layout_rooms, dpeg_lair_monsters, serial_shops, nicolae_square_shop
D:12:     layout_roguey, gauntlet_entry_generic, uniq_snorg, uniq_psyche,
          uniq_nessos
Temple:   roderic_octagonal_lattice_temple

Skill      XL: |  1  2  3  4  5  6  7  8  9 10 11 |
---------------+----------------------------------+-----
Spellcasting   | 5 6 7 9 10 12 14 16 | 16.5
Fighting       | 1 2 3 4 6 |  6.0
Armour         | 1 2 4 |  4.0
Conjurations   | 2 3 4 5 7 8 9 |  9.8
Stealth        | 3 |  3.0
Dodging        | 3 |  3.0
Poison Magic   | 1 |  1.2
Evocations     | 1 |  1.3
Fire Magic     | 2 4 5 7 8 |  8.8
Air Magic      | 1 |  1.0
Summonings     | |  1.1
Translocations | |  1.1

Action                   |  1- 3 |  4- 6 |  7- 9 | 10-12 || total
-------------------------+-------+-------+-------+-------++-------
Melee: Dagger            |    23 |    22 |       |       ||    45
       Short sword       |       |     6 |    22 |    59 ||    87
 Cast: Magic Dart        |    86 |   204 |     5 |     2 ||   297
       Call Imp          |     2 |     6 |     5 |       ||    13
       Mephitic Cloud    |     1 |     3 |     7 |    31 ||    42
       Conjure Flame     |     1 |     9 |    21 |    20 ||    51
       Foxfire           |       |       |   150 |   127 ||   277
       Blink             |       |       |     1 |     3 ||     4
       Flame Wave        |       |       |     3 |    31 ||    34
  Use: Scroll            |       |       |       |     9 ||     9
 Stab: Confused          |       |     2 |     1 |     8 ||    11
Armor: Robe              |     3 |       |       |       ||     3
       Leather armour    |       |    27 |     2 |       ||    29
       Acid dragon scale |       |       |     2 |    70 ||    72
Dodge: Dodged            |    37 |    41 |    13 |    94 ||   185

Table legend: (Time is in decaauts)
 A = Elapsed time spent in this place.
 B = Non-inter-level travel time spent in this place.
 C = Inter-level travel time spent in this place.
 D = Time resting spent in this place.
 E = Time spent auto-exploring this place.
 F = Levels seen in this place.
 G = Mean time per level.
                   A        B        C        D        E       F      G
               +--------+--------+--------+--------+--------+-----+--------+
         Total |  13889 |  13409 |    480 |   1414 |   9841 |  13 | 1068.4 |
       Dungeon |  13854 |  13388 |    466 |   1414 |   9831 |  12 | 1154.5 |
        Temple |     34 |     20 |     14 |      0 |     10 |   1 |   34.0 |
               +--------+--------+--------+--------+--------+-----+--------+

Top non-repeatable levels by time:
     D:5: 2055 daAuts
     D:1: 1632 daAuts
     D:9: 1615 daAuts
     D:3: 1187 daAuts
    D:10: 1174 daAuts
     D:7: 1172 daAuts
     D:2: 1152 daAuts
     D:4: 1088 daAuts
    D:11: 964 daAuts
     D:8: 946 daAuts
     D:6: 815 daAuts
    D:12: 50 daAuts
  Temple: 34 daAuts
